 Dungeon Crawl Stone Soup version 0.31.0-1-g2c135a0 (webtiles) character file.

Game seed: 8132283969233680982

0 bonegar the Sneak (level 1, -1/15 HPs)
             Began as a Naga Enchanter on Feb 13, 2024.
             Slain by a goblin
             ... wielding a +0 club
              (4 damage)
             ... on level 1 of the Dungeon.
             The game lasted 00:00:23 (68 turns).

bonegar the Sneak (Naga Enchanter)                    Turns: 68, Time: 00:00:23

Health: -1/15      AC:  1    Str: 10    XL:     1   Next: 0%
Magic:  3/3        EV:  9    Int: 15    God:
Gold:   8          SH:  0    Dex: 11    Spells: 4/4 levels left

rFire   . . .        a - +1 dagger
rCold   . . .        (no shield)
rNeg    . . .        b - +0 robe
rPois   +            (no helmet)
rElec   .            (no cloak)
rCorr   .            (no gloves)
SInv    +            (no barding)
Will    .....        (no amulet)
Stlth   ++           (no ring)
HPRegen 0.22/turn    (no ring)
MPRegen 0.08/turn

%: no passive effects
@: very slow
A: AC +0, large, see invisible, deformed body, poison resistance, slowness 2,
spit poison 1, naga tail 1
a: Spit Poison


You were on level 1 of the Dungeon.
You visited 1 branch of the dungeon, and saw 1 of its levels.

You collected 8 gold pieces.

Inventory:

Hand Weapons
 a - a +1 dagger (weapon)
Armour
 b - a +0 robe (worn)
Scrolls
 d - a scroll of revelation {unknown}
Potions
 c - 2 potions of invisibility
 e - a potion of enlightenment {unknown}


   Skills:
 + Level 1.0 Short Blades
 + Level 1.5 Dodging
 + Level 4.4 Stealth
 + Level 2.0 Spellcasting
 + Level 3.0 Hexes


You had 4 spell levels left.
You didn't know any spells.
Your spell library contained the following spells:

 Spells                   Type           Power      Damage    Failure   Level
 Ensorcelled Hibernation  Hex/Ice        12%        N/A       19%         2
 Confusing Touch          Hex            10%        N/A       19%         3
 Tukima's Dance           Hex            10%        N/A       19%         3
 Dazzling Flash           Conj/Hex       12%        N/A       34%         3


Dungeon Overview and Level Annotations

Branches:
Dungeon (1/15)

Altars:


Innate Abilities, Weirdness & Mutations

Your serpentine skin is tough. (AC +0)
You have supernaturally acute eyesight. (SInv)
Armour fits poorly on your strangely shaped body.
Your system is resistant to poisons. (rPois)
You cover ground very slowly.
You can spit poison.
You have a snake-like lower body.


Message History

Welcome, bonegar the Naga Enchanter.
Below lies the Orb of Zot, rumoured to be powerful enough to resurrect a god...
Press ? for a list of commands and other information.
Found two stairs.
You open the door.
There is an open door here.
There is a staircase leading out of the dungeon here.
You open the door.
There is an open door here.
Found a scroll labelled ELEKKI WUJI and 8 gold pieces.
Found a cyan potion.
d - a scroll labelled ELEKKI WUJI A rat comes into view.
Found a black potion.
You see here 8 gold pieces.
You now have 8 gold pieces.
There is an open door here.
There is an open door here.
e - a cyan potion
Found 16 gold pieces.
The rat squeaks loudly.
You hear a loud squeak.
You hear a shout!
You hear an angry hiss.
A rat comes into view.
You hear an angry hiss.
A goblin comes into view. It is wielding a +0 club.
The rat bites you.
A ball python comes into view.
You closely miss the rat. The rat bites you.
A quokka comes into view.
You hit the rat but do no damage. The rat bites you but does no damage.
You closely miss the rat. The rat bites you.
You closely miss the rat. The rat bites you. x2
You hit the rat but do no damage. The rat bites you. x2
* * * LOW HITPOINT WARNING * * *
You hit the rat.
You kill the rat!
The goblin hits you with a +0 club.
You die...

......####
.........#####..
#................
#................
#..........$.....
.#...............
.....rSrg........
#@......# #.......#
.#.# #.......#
#.#.# #.......#
#.#.###
#.......###......
######........#
#........+
######........#
#####.............#


You could see a quokka, a goblin, a ball python and a rat.

Vanquished Creatures
  A rat (D:1)
1 creature vanquished.

Notes
Turn   | Place    | Note
-------+----------+-------------------------------------------
     0 | D:1      | bonegar the Naga Enchanter began the quest for the Orb.
     0 | D:1      | Reached XP level 1. HP: 15/15 MP: 3/3
    68 | D:1      | Slain by a goblin

Illustrated notes

Levels and vault maps discovered:
D:1:      minmay_arrival_up_and_down, layout_basic, minmay_box_of_dots

Action                     || total
---------------------------++-------
  Melee: Dagger            ||     6
 Armour: Robe              ||     9
